 Dungeon Crawl Stone Soup version 0.17.0-27-g4a3f43e (webtiles) character file.

87 septik the Digger (level 4, -3/24 HPs)
             Began as a Gargoyle Earth Elementalist on Nov 21, 2015.
             Slain by an orc
             ... wielding a +0 short sword
              (4 damage)
             ... on level 3 of the Dungeon.
             The game lasted 00:05:06 (2047 turns).

septik the Digger (Gargoyle Earth Elementalist)     Turns: 2047, Time: 00:05:06

Health: -3/24      AC:  5    Str: 12    XL:     4   Next: 51%
Magic:  3/9        EV: 12    Int: 16    God:
Gold:   129        SH:  0    Dex: 10    Spells: 3 memorised, 4 levels left

rFire  . . .     SeeInvis .     b - 104 stones
rCold  . . .     Clarity  .     a - +0 robe
rNeg   + . .     SustAt   .     (no shield)
rPois  ∞         Gourm    .     (no helmet)
rElec  +         Spirit   .     (no cloak)
rCorr  .         Warding  .     (no gloves)
rMut   .         Stasis   .     (no boots)
MR     .....                    (no amulet)
Stlth  ++........               (no ring)
                                (no ring)

@: very slightly contaminated, not resistant to hostile enchantments, unstealthy
A: negative energy resistance 1, electricity resistance, unbreathing,
petrification resistance, rot immunity, AC +3
a: no special abilities


You were on level 3 of the Dungeon.
You were not hungry.

You visited 1 branch of the dungeon, and saw 3 of its levels.

You collected 129 gold pieces.

Inventory:

Hand Weapons
 g - a +4 mace
 m - a +0 dagger of venom
 p - a +1 short sword of venom
Missiles
 b - 104 stones (in hand)
Armour
 a - a +0 robe (worn)
Scrolls
 e - 4 scrolls of remove curse {unknown}
 h - 6 scrolls of identify {unknown}
 i - a scroll of noise {unknown}
 j - a scroll of enchant armour {unknown}
 k - a scroll of random uselessness {unknown}
 o - a scroll of enchant weapon {unknown}
 r - 2 scrolls of immolation {unknown}
Potions
 n - a potion of might {unknown}
 t - a potion of curing {unknown}
Books
 c - a book of Geomancy

   Spells                             Type                      Level
   a - Sandblast                      Earth                        1
   b - Stoneskin                      Transmutation/Earth          2
   c - Passwall                       Transmutation/Earth          3
   d - Stone Arrow                    Conjuration/Earth            3
   e - Petrify                        Transmutation/Earth          4
   f - Lee's Rapid Deconstruction     Earth                        5
Comestibles
 d - 2 bread rations
 f - 2 meat rations
 l - 2 fruits
 q - a slice of pizza


   Skills:
 - Level 1.5 Dodging
 - Level 2.1 Stealth
 * Level 3.6 Spellcasting
 + Level 1.0 Conjurations
 - Level 0.7 Transmutations
 + Level 4.4 Earth Magic


You had 4 spell levels left.
You knew the following spells:

 Your Spells              Type           Power        Failure   Level  Hunger
a - Sandblast             Erth           ###...       3%          1    None
b - Stoneskin             Trmt/Erth      ##......     12%         2    ##.....
c - Stone Arrow           Conj/Erth      ##....       17%         3    ###....


Dungeon Overview and Level Annotations

Branches:
Dungeon (3/15)

Altars:
Ashenzari
Ru


Innate Abilities, Weirdness & Mutations

You are resistant to torment.
Your stone body is resilient (AC +3).
You are immune to poison.
You resist negative energy.
You are resistant to electric shocks.
You can survive without breathing.
You are immune to petrification.
You are immune to rotting.


Message History

The orc hits you but does no damage.
Casting: Sandblast
Confirm with . or Enter, or press ? or * to list all spells.
Aiming: Sandblast
Press: ? - help, Shift-Dir - straight line, f/p - orc priest
Aim: an orc priest (moderately wounded)
The rocky blast hits the orc priest.
The orc priest is severely wounded.
The orc barely misses you. x2
Casting: Sandblast
Confirm with . or Enter, or press ? or * to list all spells.
Aiming: Sandblast
Press: ? - help, Shift-Dir - straight line, f/p - orc priest
Aim: an orc priest (severely wounded)
You miscast Sandblast.
You are very lightly contaminated with residual magic.
Nothing appears to happen.
The orc priest hits you.
* * * LOW HITPOINT WARNING * * *
The orc hits you with a short sword.
You die...

#####'## #.# #.#
#.#.# #.# #.#.#
#.#.. ..... #.#.#.#
#.#o# #<#.#.# #.#†#
#.#.#.#### #.#o#
#####........###o#o#
......#........#@#.#
#####.#...##.##.oo.#
#........##.##..#.#
....#.#...##.##..#.#
###.#.#...(..##..#.#
# #.#...##.##..#.#
#.#...##.##..#.#
#.######.##.<..# #.#
#.##..#.#


You could see an orc priest and 2 orcs.

Vanquished Creatures
  3 adders
  A worm (D:2)
  A giant gecko (D:1)
  2 orcs (D:3)
  5 giant cockroaches
  7 goblins
  9 hobgoblins
  A quokka (D:2)
  8 bats
  2 giant newts
  7 kobolds
  7 rats
53 creatures vanquished.

Notes
Turn   | Place    | Note
--------------------------------------------------------------
     0 | D:1      | septik the Gargoyle Earth Elementalist began the quest for the Orb.
     0 | D:1      | Reached XP level 1. HP: 10/10 MP: 3/3
   133 | D:1      | Reached XP level 2. HP: 12/15 MP: 5/5
   692 | D:2      | Reached skill level 4 in Earth Magic
   704 | D:2      | Learned a level 2 spell: Stoneskin
   880 | D:2      | Reached XP level 3. HP: 19/19 MP: 7/7
   923 | D:2      | Learned a level 3 spell: Stone Arrow
  1194 | D:2      | Reached XP level 4. HP: 5/24 MP: 3/9
  1592 | D:2      | Found a shattered altar of Ashenzari.
  1773 | D:3      | Reached skill level 1 in Conjurations
  1947 | D:3      | Found a sacrificial altar of Ru.
  2047 | D:3      | HP: 1/24 [orc priest (4)]
  2047 | D:3      | Slain by an orc

Action                   |  1- 3 |  4- 6 || total
-------------------------+-------+-------++-------
Melee: Mace              |    94 |     8 ||   102
       Short sword       |       |    18 ||    18
 Cast: Sandblast         |    16 |    10 ||    26
  Use: Scroll            |     1 |       ||     1
       Potion            |       |     1 ||     1
 Stab: Sleeping          |     2 |       ||     2
       Distracted        |     1 |       ||     1
  Eat: Chunk             |     1 |     3 ||     4
